 Dungeon Crawl Stone Soup version 0.30-a0-629-gd54f4be4f7 (webtiles) character file.

Game seed: 4392439828622135930

548765 ragingrage the Unseen (level 26, -26/140 HPs)
             Began as a Vine Stalker Delver on Jan 12, 2023.
             Was a Priest of Uskayaw.
             Killed from afar by an orb of fire (62 damage)
             ... with a bolt of fire
             ... while paralysed by a Zot trap
             ... on level 5 of the Realm of Zot on Jan 13, 2023.
             The game lasted 01:59:50 (59171 turns).

ragingrage the Unseen (Vine Stalker Delver)        Turns: 59171, Time: 01:59:51

Health: -26/140    AC: 21    Str: 20 (21) XL:     26   Next: 24%
Magic:  0/42       EV:  2    Int: 18      God:    Uskayaw [***...]
Gold:   4420       SH:  0    Dex: 31 (32) Spells: 37/53 levels left

rFire   . . .      SeeInvis .    a - +4 quick blade (elec)
rCold   + . .      Faith    .    Q - +0 kite shield {reflect}
rNeg    + . .      Spirit   +    B - +0 ice dragon scales
rPois   +          Reflect  +    t - +2 helmet
rElec   .          Harm     .    z - +2 cloak
rCorr   +          Rampage  .    n - +1 pair of gloves "Buxo" {Int+3 Dex+4}
Will    +++..                    O - +1 pair of boots of the Northern Lights {Str+7}
Stlth   +++++++                  d - amulet of Vitality {RegenMP++ Regen++}
HPRegen 2.83/turn                D - ring of Apauhas {rPois rF++ rC- rN+ rCorr}
MPRegen 1.08/turn                M - ring of the Hare {EV+10}

@: paralysed, about to teleport, studying Ranged Weapons
A: fangs 3, regeneration 1, magic shield, antimagic bite, no potion heal 2,
agile 1, clever 1, deformed body, deterioration 1, heat vulnerability 1,
MP-powered wands
}: 3/15 runes: decaying, serpentine, abyssal
a: Renounce Religion, Stomp, Line Pass


You were on level 5 of the Realm of Zot.
You worshipped Uskayaw.
Uskayaw was greatly pleased with you.
You visited 10 branches of the dungeon, and saw 47 of its levels.
You visited the Abyss 4 times.
You also visited: Bailey, Gauntlet, Wizlab and Desolation.

You collected 7794 gold pieces.
You spent 3374 gold pieces at shops.

Inventory:

Hand Weapons
 a - a +4 quick blade of electrocution (weapon)
 b - the +10 zealot's sword {holy, *Rage rN+ EV+3}
   (You found it on level 1 of the Vaults)

   Whenever the wielder enters a berserk rage, their allies are berserked
   alongside them.
   EV:        It affects your evasion (+3).
   rN:        It protects you from negative energy.
   *Rage:     It berserks you when you make melee attacks (+20% chance).
Missiles
 T - a throwing net
 W - 12 curare-tipped darts (quivered)
Armour
 n - the +1 pair of gloves "Buxo" (worn) {Int+3 Dex+4}
   (You found it in a Gauntlet)

   Int:       It affects your intelligence (+3).
   Dex:       It affects your dexterity (+4).
 t - a +2 helmet (worn)
 z - a +2 cloak (worn)
 B - +0 ice dragon scales (worn)
 O - the +1 pair of boots of the Northern Lights (worn) {Str+7}
   (You acquired it on level 1 of the Depths)

   Str:       It affects your strength (+7).
 Q - a +0 kite shield of reflection (worn)
Jewellery
 d - the amulet of Vitality (around neck) {RegenMP++ Regen++}
   (You found it on level 3 of the Depths)

   [amulet of magic regeneration]

   It increases your rate of magic regeneration.
   Regen:     It increases your rate of health regeneration.
 C - a ring of see invisible
 D - the ring of Apauhas (left hand) {rPois rF++ rC- rN+ rCorr}
   (You took it off a minotaur in a Gauntlet)

   [ring of resist corrosion]

   rF:        It greatly protects you from fire.
   rC:        It makes you vulnerable to cold.
   rPois:     It protects you from poison.
   rN:        It protects you from negative energy.
   rCorr:     It protects you from acid and corrosion.
 M - the ring of the Hare (right hand) {EV+10}
   (You found it in the Desolation of Salt)

   [ring of evasion]

   EV:        It affects your evasion (+10).
 S - a +4 ring of slaying
 X - a ring of protection from fire
Wands
 g - a wand of digging (15)
 j - a wand of polymorph (19)
 o - a wand of light (18)
 s - a wand of mindburst (34)
 A - a wand of flame (53)
 J - a wand of charming (34)
 P - a wand of iceblast (42)
Scrolls
 c - 18 scrolls of fog
 e - 2 scrolls of fear
 h - 10 scrolls of vulnerability
 q - 26 scrolls of teleportation
 u - 2 scrolls of brand weapon
 w - 2 scrolls of magic mapping
 x - 7 scrolls of butterflies
 E - 9 scrolls of blinking
 H - 3 scrolls of silence
 K - 8 scrolls of poison
 U - 6 scrolls of immolation
Potions
 f - 5 potions of brilliance
 i - 11 potions of lignification
 k - 2 potions of resistance
 l - 23 potions of curing
 m - 9 potions of mutation
 p - 10 potions of haste
 r - 2 potions of ambrosia
 v - 7 potions of berserk rage
 G - 13 potions of attraction
 I - 8 potions of might
 L - 6 potions of flight
 R - 4 potions of magic
 Y - 5 potions of cancellation
Miscellaneous
 y - a tin of tremorstones (2/2)
 F - a box of beasts (inert)
 N - a condenser vane
 V - a phantom mirror


   Skills:
 - Level 15.0 Fighting
 - Level 10.0(11.3) Short Blades
 + Level 8.8(10.8) Long Blades
 + Level 12.6 Armour
 + Level 12.6 Dodging
 - Level 20.0 Stealth
 - Level 15.0 Shields
 - Level 14.0 Spellcasting
 + Level 16.6 Necromancy
 - Level 5.0 Transmutations
 - Level 20.0 Invocations
 - Level 16.0 Evocations


You had 37 spell levels left.
You knew the following spells:

 Your Spells              Type           Power      Damage    Failure   Level
a - Wereblood             Tmut           30%        N/A       4%          2
b - Animate Dead          Necr           64%        N/A       1%          4
c - Death Channel         Necr           32%        N/A       4%          6
d - Dispel Undead         Necr           64%        3d22      1%          4

Your spell library contained the following spells:

 Spells                   Type           Power      Damage    Failure   Level
 Kiss of Death            Conj/Necr      100%       2d13      1%          1
 Necrotise                Necr           100%       1d9       1%          1
 Sublimation of Blood     Necr           64%        N/A       1%          2
 Vampiric Draining        Necr           64%        2d10      1%          3
 Agony                    Necr           64%        N/A       1%          5
 Beastly Appendage        Tmut           60%        N/A       3%          1
 Cigotuvi's Dreadful Rot  Necr/Pois/Air  64%        N/A       3%          2
 Anguish                  Hex/Necr       21%        N/A       9%          4
 Passwall                 Tmut/Erth      17%        N/A       13%         2
 Borgnjor's Vile Clutch   Necr/Erth      21%        N/A       22%         5
 Apportation              Tloc           24%        N/A       24%         1
 Foxfire                  Conj/Fire      48%        2x1d6     24%         1
 Freeze                   Ice            48%        1d6       24%         1
 Magic Dart               Conj           48%        1d5       24%         1
 Sandblast                Erth           24%        2d8       24%         1
 Summon Small Mammal      Summ           48%        N/A       24%         1
 Spider Form              Tmut/Pois      21%        N/A       26%         3
 Blink                    Tloc           24%        N/A       36%         2
 Call Imp                 Summ           12%        N/A       36%         2
 Ensorcelled Hibernation  Hex/Ice        24%        N/A       36%         2
 Momentum Strike          Conj/Tloc      24%        3d8       36%         2
 Ignite Poison            Fire/Tmut/Pois 18%        N/A       36%         3
 Call Canine Familiar     Summ           12%        N/A       58%         3
 Confusing Touch          Hex            12%        N/A       58%         3
 Dazzling Flash           Conj/Hex       24%        N/A       58%         3
 Frozen Ramparts          Ice            24%        1d4       58%         3
 Gell's Gravitas          Tloc           12%        N/A       58%         3
 Hailstorm                Conj/Ice       12%        3d5       58%         3
 Inner Flame              Hex/Fire       12%        N/A       58%         3
 Lesser Beckoning         Tloc           24%        N/A       58%         3
 Mephitic Cloud           Conj/Pois/Air  12%        N/A       58%         3
 Ozocubu's Armour         Ice            12%        N/A       58%         3
 Portal Projectile        Hex/Tloc       24%        N/A       58%         3
 Stone Arrow              Conj/Erth      24%        3d8       58%         3
 Summon Guardian Golem    Hex/Summ       12%        N/A       58%         3
 Teleport Other           Tloc           12%        N/A       58%         3
 Tukima's Dance           Hex            12%        N/A       58%         3
 Vhi's Electric Charge    Tloc/Air       24%        N/A       58%         3
 Ice Form                 Ice/Tmut       21%        N/A       65%         4
 Petrify                  Tmut/Erth      21%        N/A       65%         4
 Blade Hands              Tmut           15%        N/A       65%         5
 Simulacrum               Ice/Necr       21%        N/A       77%         6
 Borgnjor's Revivificati  Necr           32%        N/A       87%         8
 Cause Fear               Hex            6%         N/A       94%         4
 Flame Wave               Conj/Fire      12%        2d6       94%         4
 Iskenderun's Mystic Bla  Conj/Tloc      12%        2d5       94%         4
 Manifold Assault         Tloc           12%        N/A       94%         4
 Sticky Flame             Conj/Fire      12%        2d4       94%         4
 Summon Ice Beast         Ice/Summ       12%        N/A       94%         4
 Summon Lightning Spire   Summ/Air       12%        N/A       94%         4
 Alistair's Intoxication  Tmut/Pois      14%        N/A       94%         5
 Irradiate                Conj/Tmut      10%        3d15      94%         5
 Yara's Violent Unravell  Hex/Tmut       10%        3d6       94%         5
 Arcjolt                  Conj/Air       6%         1d16      100%        5
 Fireball                 Conj/Fire      6%         3d5       100%        5
 Lee's Rapid Deconstruct  Erth           6%         3d6*      100%        5
 Metabolic Englaciation   Hex/Ice        6%         N/A       100%        5
 Summon Forest            Summ/Tloc      6%         N/A       100%        5
 Dispersal                Tloc           6%         N/A       100%        6
 Eringya's Noxious Bog    Tmut/Pois      10%        N/A       100%        6
 Iron Shot                Conj/Erth      6%         9d2       100%        6
 Starburst                Conj/Fire      6%         6d4       100%        6
 Statue Form              Tmut/Erth      14%        N/A       100%        6
 Dragon Form              Tmut           15%        N/A       100%        7
 Enfeeble                 Hex            6%         N/A       100%        7
 Malign Gateway           Summ/Tloc      6%         N/A       100%        7
 Monstrous Menagerie      Summ           6%         N/A       100%        7
 Orb of Destruction       Conj           6%         9d6       100%        7
 Ozocubu's Refrigeration  Ice            6%         4d8       100%        7
 Spellforged Servitor     Conj/Summ      6%         N/A       100%        7
 Storm Form               Tmut/Air       10%        N/A       100%        7
 Summon Hydra             Summ           6%         N/A       100%        7
 Discord                  Hex            6%         N/A       100%        8
 Disjunction              Tloc           6%         N/A       100%        8
 Ignition                 Fire           6%         3d4       100%        8
 Maxwell's Capacitive Co  Air            6%         ∞         100%        8
 Necromutation            Tmut/Necr      25%        N/A       100%        8
 Summon Horrible Things   Summ           6%         N/A       100%        8
 Death's Door             Necr           32%        N/A       100%        9
 Polar Vortex             Ice            6%         N/A       100%        9


Dungeon Overview and Level Annotations

Branches:
Dungeon (15/15)            Temple (1/1) D:7            Lair (5/5) D:10
  Swamp (4/4) Lair:3        Snake (4/4) Lair:3        Slime (0/5) Lair:5
    Orc (2/2) D:10            Elf (3/3) Orc:2        Vaults (4/5) D:14
  Crypt (0/3) Vaults:2     Depths (4/4) D:15            Zot (5/5) Depths:4
 Bailey (visited)          WizLab (visited)         Desolation (visited)
Gauntlet (visited)

Altars:
Ashenzari
Cheibriados
Fedhas
Hepliaklqana
Kikubaaqudgha
Makhleb
Okawaru
Ru
Sif Muna
Trog
Uskayaw
Vehumet
Wu Jian
Xom
Yredelemnul
Zin
The Shining One
Jiyva

Shops:
D:3 =   D:11 [   Orc:2 (*:[=   Elf:1 :([??   Elf:2 :   Snake:3 (*(=
Vaults:1 !   Vaults:2 *   Depths:1 ==:   Depths:3 !*

Portals:
Hell: Depths:1 Depths:2 Depths:3 Depths:4
Abyss: Depths:1 Depths:3 Depths:4
Pandemonium: Depths:2 Depths:4
Ziggurat: Depths:2
Bazaar: D:12
Trove: D:14 (give horn of Geryon)

Annotations:
D:3 1 runed translucent door
D:11 exclusion: downstairs
Lair:1 3 runed translucent doors, superbruh's ghost, journeyman GrFi
Elf:2 3 runed translucent doors


Innate Abilities, Weirdness & Mutations

You have razor-sharp teeth.
Your natural rate of healing is unusually fast.
When hurt, damage is shared between your health and your magic reserves.
Your bite disrupts and absorbs the magic of your enemies.
Potions cannot restore your health.
You are agile. (Dex +4, Str/Int -1)
Your mind is acute. (Int +4, Str/Dex -1)
Armour fits poorly on your strangely shaped body.
Your body sometimes deteriorates upon taking damage.
You are vulnerable to heat. (rF-)
You expend magic power (3 MP) to strengthen your wands.


Message History

The orb of fire glows red.
Your elder batsting beast twists and deforms.
You hear a shout! x2
As you read the scroll of teleportation, it crumbles to dust.
You feel strangely unstable.
You feel the Orb delaying your translocation!
The orb of fire glows red.
The bolt of fire hits your elder batsting beast!!!
Your elder batsting beast dies!
Your elder batsting beast's corpse disappears in a puff of smoke!
The bolt of fire hits you!! You resist.
Your body deteriorates!
You feel clumsy.
You hear a loud "Zot"!
The power of Zot is invoked against you!
You suddenly lose the ability to move!
The orb of fire glows deep purple.
The fireball explodes!
The fireball engulfs you! You resist.
The orb of fire glows deep purple.
The bolt of fire hits you!!! You resist.
Your body deteriorates!
You feel weakened.
You hear a deafening roar!
The orb of fire emits a lurid red light.
The bolt of fire misses you.
The orb of fire glows yellow.
The bolt of fire hits you!! You resist.
Uskayaw prepares the audience for your solo!
The orb of fire is no longer paralysed.
A storm dragon comes into view.
The orb of fire emits a lurid red light.
The fireball explodes!
The fireball engulfs you!! You resist.
* * * LOW HITPOINT WARNING * * *
The orb of fire is no longer paralysed.
The orb of fire glows deep purple.
Strange energies course through your body.
You feel vulnerable to heat.
You hear a loud "Zot"!
The orb of fire glows bright magenta.
The bolt of fire hits the orb of fire.
The orb of fire completely resists.
The bolt of fire hits you!!!!
You die...

********** ,,,,,,,,.▓▓▓* ▓▓▓
,,,,,,,,.)..▓▓* ▓▓▓..
,,,,,,,,......▓* ▓▓....
,,,,,,,,.....^.* ▓▓▓▓▓▓▓▓▓ ▓....)
,,,,,,,,.......*▓▓^......▓▓▓..!..
,,,,,,,,.......▓▓.........▓▓.....
,,,,,,,,....*..▓.[.........▓.Z...
,,,,,,,,..D**...@....0$..)....)..
,,,,,,,,....p.$▓.........^.▓.....
,,,,,,,,......!▓▓.........▓▓.....
,,^,,,,,.......*▓▓.^..^..▓▓▓.....
,,,,,,,,.......* ▓▓▓▓▓▓▓▓▓ #.....
,,,^,,,,......#* ##....
,,,,,,,,....▓#* ##▓..
,,,,,,,,.▓▓▓* *▓▓ *********▓▓▓▓*
#▓▓▓


You could see 3 orbs of fire, a Killer Klown (paralysed) and a storm dragon.

Vanquished Creatures
  An ancient lich (Zot:5)
  An orb of fire (Zot:5)
  Mara (Swamp:3)
  4 royal mummies
  Josephina (Depths:4)
  3 Killer Klowns
  Parghit (Zot:1)
  Bai Suzhen (Snake:3)
  Vashnia (Snake:4)
  A curse toe (Zot:5)
  8 golden dragons
  Nikola (Snake:2)
  A profane servitor (Abyss:3)
  5 bone dragons
  3 electric golems
  8 tentacled monstrosities
  A hellephant (Abyss:1)
  A walking crystal tome (Depths:3)
  A Hell Sentinel (Abyss:3)
  Zenata (Elf:1)
  A lich (Depths:4)
  A walking earthen tome (Depths:2)
  14 Orb Guardians (Zot:5)
  2 titans
  3 deep elf master archers (Elf:3)
  2 deep elf blademasters (Abyss:3)
  5 quicksilver dragons
  An ancient champion (Vaults:2)
  4 death cobs
  4 tentacled starspawn
  Agnes (Elf:1)
  7 sphinxes
  8 thorn hunters
  2 tengu reavers
  4 shadow dragons
  7 nagarajas
  4 draconian monks
  2 draconian knights
  11 storm dragons
  A fenstrider witch (Swamp:3)
  An iron dragon (Depths:2)
  Donald (Elf:1)
  3 fire giants
  10 deep elf sorcerers
  6 vault wardens
  2 imperial myrmidons (Desolation)
  5 frost giants
  3 draconian scorchers
  A caustic shrike zombie (WizLab)
  2 balrugs
  3 ghost moths
  A juggernaut zombie (Swamp:3)
  A reaper (Lair:2)
  3 orc warlords
  4 spectral caustic shrikes (Depths:3)
  3 draconian stormcallers
  3 deep elf elementalists (Elf:3)
  An angel (Abyss:1)
  A war gargoyle (Vaults:2)
  13 ironbound preservers
  12 very ugly things
  5 draconian shifters
  5 draconian annihilators
  13 ironbound thunderhulks
  3 vampire knights
  3 eleionomae
  13 stone giants
  8 green draconians
  2 deep elf demonologists (Elf:3)
  A minotaur (Gauntlet)
  Nessos (Orc:2)
  8 red draconians
  A halazid warlock (Desolation)
  10 white draconians
  5 yellow draconians
  21 dire elephants
  6 bunyips
  4 black draconians
  26 starcursed masses
  6 spark wasps
  An eidolon (Abyss:3)
  4 deep elf annihilators (Elf:3)
  7 purple draconians
  2 deep elf death magi (Elf:3)
  3 crystal guardians
  3 mummy priests
  Snorg (D:11)
  A green death (Abyss:2)
  3 jiangshi (Depths:2)
  7 ettins
  4 ragged hierophants (Desolation)
  8 deep elf high priests (Elf:3)
  5 entropy weavers
  A shambling mangrove (Swamp:4)
  A merfolk javelineer (Depths:3)
  7 yaktaur captains
  A spriggan zombie (WizLab)
  4 great orbs of eyes
  4 fire dragons
  5 servants of whispers (Desolation)
  6 ice dragons
  Harold (Lair:2)
  5 rakshasas
  4 salamander tyrants
  7 vault guards (Vaults:2)
  2 caustic shrike simulacra (Depths:4)
  A ghost crab (Swamp:3)
  14 hydras
  An ogre mage (Vaults:2)
  7 peacekeepers
  2 spriggan air magi
  4 ironbound frosthearts
  9 catoblepae
  10 dancing weapons
  9 anacondas
  3 two-headed ogres
  A satyr (Abyss:3)
  7 centaur warriors
  3 deep troll shamans
  9 naga warriors
  A death scarab (Swamp:3)
  5 death yaks (Lair:5)
  4 boulder beetles
  4 tengu warriors
  3 deep troll earth magi (Depths:2)
  9 alligators
  3 hell hogs (Abyss:3)
  10 thrashing horrors
  6 orc high priests
  A vampire mage (Depths:2)
  10 hell knights
  14 naga sharpshooters
  A spriggan berserker (Depths:2)
  6 shock serpents
  Amaemon (D:11)
  Sonja (Lair:4)
  10 deep elf knights (Elf:3)
  2 wretched stars (Abyss:2)
  Urug (Orc:2)
  7 skeletal warriors
  An iron troll (Depths:2)
  4 salamander mystics (Snake:4)
  A spark wasp zombie (WizLab)
  A fire crab (Elf:2)
  A death drake (Swamp:4)
  A golden dragon zombie (WizLab)
  8 sea snakes (Snake:2)
  4 spriggan druids
  9 goliath frogs
  A bunyip zombie (Swamp:3)
  3 sixfirhies
  8 swamp dragons
  43 deep trolls
  7 naga ritualists
  10 wizards
  7 deep elf archers
  3 flayed ghosts
  3 glowing orange brains
  3 spectral hydras (Swamp:4)
  5 bunyip skeletons (Swamp:3)
  7 orc knights
  15 ironbound convokers
  A shadow demon (Abyss:1)
  26 deep elf pyromancers
  5 phantasmal warriors
  5 lindwurms
  6 bog bodies
  6 necromancers
  Pikel (D:6)
  3 harpies (Vaults:1)
  18 deep elf zephyrmancers
  An orc sorcerer (Orc:2)
  28 ugly things
  8 mana vipers
  16 salamanders
  3 oklob plants (Swamp:4)
  9 manticores
  6 cyclopes
  21 moths of wrath
  A stone giant zombie (WizLab)
  6 worldbinders (Abyss:3)
  A frost giant zombie (WizLab)
  An iron dragon zombie (WizLab)
  A centaur zombie (D:15)
  14 elephants
  Maurice (D:8)
  A water nymph (Abyss:3)
  4 guardian serpents (Snake:4)
  2 rust devils
  An apocalypse crab (Abyss:3)
  6 molten gargoyles
  28 black mambas
  13 naga magi
  A demonspawn zombie (WizLab)
  5 vault sentinels
  10 cane toads
  3 smoke demons
  A yaktaur zombie (WizLab)
  4 gargoyles
  4 orange demons
  A centaur skeleton (D:15)
  A human zombie (WizLab)
  3 unseen horrors
  2 rime drakes
  6 efreet
  2 freezing wraiths
  6 komodo dragons
  4 tengu conjurers
  14 yaktaurs
  5 ancient zymes
  5 guardian mummies
  3 ice devils (Depths:4)
  3 death drake zombies (Swamp:4)
  13 trolls
  2 hellwings
  Grinder (D:6)
  A sphinx simulacrum (Depths:4)
  4 polar bears
  5 hydra zombies (Swamp:4)
  A wolf spider simulacrum (D:14)
  A tormentor (Depths:4)
  7 tyrant leeches
  A tarantella (Vaults:4)
  5 hornets
  A shadow dragon simulacrum (Abyss:1)
  4 blink frogs (Lair:4)
  A wind drake (shapeshifter) (Abyss:3)
  2 hydra skeletons (Swamp:4)
  38 saltlings (Desolation)
  3 ettin zombies (WizLab)
  A polar bear (shapeshifter) (D:14)
  2 death drake skeletons (Swamp:4)
  A dream sheep (shapeshifter) (Depths:2)
  An iron dragon simulacrum (Depths:4)
  A fire dragon zombie (WizLab)
  8 raiju
  40 slime creatures
  A shadow (D:9)
  10 large abominations
  4 flying skulls (Abyss:3)
  A jumping spider (Vaults:4)
  10 water elementals
  An air elemental (Abyss:3)
  6 wraiths
  13 spriggans
  4 ynoxinuls
  64 yaks
  8 basilisks
  A basilisk (shapeshifter) (D:15)
  5 wyverns
  8 redbacks
  3 chaos spawn
  4 neqoxecs
  A golden eye (Abyss:1)
  A human (Lair:2)
  5 fire elementals
  2 steam dragons
  7 vampire mosquitoes
  7 wargs
  10 swamp worms
  35 nagas
  Edmund (D:6)
  A glowing shapeshifter zombie (WizLab)
  2 hydra simulacra (Swamp:4)
  4 acid dragons
  15 water moccasins
  A meliai simulacrum (D:15)
  41 orc warriors
  17 small abominations
  5 swamp drakes
  An ice beast (D:7)
  3 black bears
  A sky beast (D:7)
  2 swamp dragon zombies (Swamp:4)
  15 ogres
  The ghost of 100Percenter the Shooter, an amateur BaHs (D:3)
  9 centaurs
  A swamp dragon skeleton (Swamp:3)
  2 phantoms
  15 wolves
  3 lemures (D:6)
  Blork the orc (D:4)
  2 earth elementals (Elf:3)
  3 kobold brigands
  A gnoll sergeant (D:8)
  11 bullfrogs
  A bullfrog (shapeshifter) (Depths:2)
  8 scorpions
  A necrophage (D:4)
  A glowing shapeshifter simulacrum (Depths:4)
  8 wights
  A hornet simulacrum (D:15)
  3 killer bees (D:8)
  5 howler monkeys
  5 electric eels
  3 jellies
  A lava snake (Elf:2)
  2 quasits (Abyss:3)
  6 hounds
  35 orc priests
  A gnoll bouda (D:9)
  4 iron imps
  5 iguanas
  27 orc wizards
  A mummy (Depths:3)
  Robin (D:3)
  12 gnolls
  5 adders
  A swamp drake zombie (Swamp:4)
  2 white imps
  4 ufetubi
  5 worms
  A dart slug (D:4)
  105 orcs
  2 endoplasms
  3 giant cockroaches
  10 hobgoblins
  6 jackals
  4 quokkas
  10 ball pythons
  5 bats
  A frilled lizard (D:3)
  17 goblins
  25 kobolds
  9 rats
  10 briar patches (Swamp:4)
  6 starspawn tentacles (Abyss:3)
1971 creatures vanquished.

Vanquished Creatures (collateral kills)
  3 Killer Klowns (Zot:5)
  A golden dragon (Zot:5)
  8 Orb Guardians (Zot:5)
  A tentacled monstrosity (Zot:4)
  2 death cobs (Zot:4)
  A draconian monk (Zot:4)
  2 vault wardens (Vaults:2)
  A draconian scorcher (Zot:4)
  Louise (Depths:1)
  A hydra zombie (Swamp:4)
  An ironbound preserver (Vaults:1)
  An ironbound thunderhulk (Vaults:2)
  2 stone giants
  A green draconian (Zot:2)
  3 dire elephants
  A red draconian (Zot:1)
  3 yellow draconians
  A black draconian (Zot:5)
  3 ettins
  A great orb of eyes (Vaults:1)
  2 yaktaur captains
  4 hydras
  2 centaur warriors (Vaults:1)
  8 deep trolls
  A glowing orange brain (Vaults:2)
  A spriggan druid (Swamp:4)
  A swamp dragon (Swamp:4)
  A bog body (Swamp:3)
  3 ironbound convokers
  2 harpies (Vaults:1)
  A necromancer (Depths:1)
  An ugly thing (Vaults:3)
  3 vault sentinels (Vaults:2)
  3 yaktaurs (Vaults:2)
  A freezing wraith (Swamp:4)
  A bloated husk (Swamp:1)
  A spriggan (Swamp:4)
  4 slime creatures
  A water elemental (Depths:1)
  A swamp worm (Swamp:4)
  A hydra simulacrum (Swamp:4)
  A swamp drake (Swamp:4)
  A swamp dragon zombie (Swamp:4)
83 creatures vanquished.

Vanquished Creatures (others)
  3 Orb Guardian zombies (Zot:5)
  A naga warrior (Snake:4)
  A titan zombie (Vaults:2)
  3 deep elf knights
  A storm dragon zombie (Zot:4)
  A spark wasp zombie (Depths:2)
  A wizard (Vaults:2)
  2 goliath frog zombies (Swamp:4)
  A draconian zombie (Zot:1)
  A fire giant zombie (Depths:2)
  An iron dragon zombie (Depths:2)
  A frost giant zombie (Depths:2)
  A guardian serpent (Snake:4)
  A yellow draconian zombie (Zot:1)
  3 swamp worm zombies (Swamp:4)
  5 hydra zombies (Swamp:4)
  4 harpy zombies (Vaults:1)
  A bloated husk (Swamp:4)
  An alligator zombie (Swamp:4)
  A moth of wrath zombie (Zot:1)
  A slime creature (D:13)
  A slime creature zombie (Vaults:1)
  A water elemental (D:15)
  2 tyrant leech zombies (Swamp:4)
  4 spriggan zombies
  2 entropy weaver zombies (Vaults:4)
  A hornet zombie (Swamp:4)
  A swamp dragon zombie (Swamp:4)
  A yaktaur zombie (Vaults:3)
  5 human zombies
  2 swamp drake zombies (Swamp:4)
  9 briar patches
  42 fungi
  97 plants
  8 starspawn tentacles
211 creatures vanquished.

Grand Total: 2265 creatures vanquished

Notes
Turn   | Place    | Note
-------+----------+-------------------------------------------
     0 | D:5      | ragingrage the Vine Stalker Delver began the quest for the
                  | Orb.
     0 | D:5      | Reached XP level 1. HP: 11/11 MP: 2/2
     4 | D:5      | Noticed a centaur
    17 | D:5      | Noticed an iguana
    20 | D:5      | Killed a centaur
    21 | D:5      | Reached XP level 2. HP: 10/16 MP: 1/3
    21 | D:5      | Reached XP level 3. HP: 12/19 MP: 1/4
    21 | D:5      | Gained mutation: Your natural rate of healing is unusually
                  | fast. [Vine Stalker growth]
    21 | D:5      | Reached XP level 4. HP: 15/23 MP: 1/5
    68 | D:5      | Noticed a water moccasin
    75 | D:5      | Killed a water moccasin
    76 | D:5      | Reached skill level 5 in Short Blades
    76 | D:5      | Reached XP level 5. HP: 19/27 MP: 2/6
   124 | D:5      | Reached XP level 6. HP: 18/32 MP: 2/7
   324 | D:5      | Reached XP level 7. HP: 35/35 MP: 8/8
   453 | D:5      | Found a shimmering blue altar of Sif Muna.
   453 | D:5      | Found a burning altar of Makhleb.
   455 | D:5      | Found a glowing silver altar of Zin.
   456 | D:5      | Found a bloodstained altar of Trog.
   457 | D:5      | Found a shimmering altar of Xom.
  1083 | D:3      | Found Ovokoc Wufa's Jewellery Shop.
  1203 | D:3      | Noticed Robin
  1230 | D:3      | Killed Robin
  1989 | D:3      | Found a runed translucent door.
  1991 | D:3      | Noticed 100Percenter's ghost (amateur BaHs)
  2034 | D:3      | Found a runed translucent door.
  2856 | D:1      | Gained mutation: You have razor-sharp teeth. [Vine Stalker
                  | growth]
  2856 | D:1      | Reached XP level 8. HP: 39/39 MP: 9/9
  2977 | D:1      | Found a faded altar of an unknown god.
  3815 | D:4      | Noticed Blork the orc
  3822 | D:4      | Killed Blork the orc
  4233 | D:6      | Noticed Edmund
  4266 | D:6      | Killed Edmund
  4466 | D:6      | Reached skill level 10 in Short Blades
  4580 | D:6      | Noticed Grinder
  4587 | D:6      | Paralysed by Grinder for 4 turns
  4596 | D:6      | Gained mutation: Your spells are a little easier to cast,
                  | but a little less powerful. [potion of mutation]
  4596 | D:6      | Gained mutation: You are clumsy. (Dex -2) [potion of
                  | mutation]
  4596 | D:6      | Gained mutation: Armour fits poorly on your strangely
                  | shaped body. [potion of mutation]
  4596 | D:6      | Gained mutation: You have large cloven feet. [potion of
                  | mutation]
  4611 | D:6      | Killed Grinder
  4612 | D:6      | Reached skill level 1 in Armour
  4612 | D:6      | Reached skill level 1 in Evocations
  4612 | D:6      | Reached XP level 9. HP: 21/44 MP: 10/10
  5078 | D:6      | Noticed Pikel
  5268 | D:6      | Killed Pikel
  5536 | D:7      | Found a staircase to the Ecumenical Temple.
  5580 | Temple   | Entered the Ecumenical Temple
  5640 | Temple   | Became a worshipper of Uskayaw the Reveller
  5676 | D:7      | Reached * piety under Uskayaw
  5679 | D:7      | Reached ** piety under Uskayaw
  5858 | D:7      | Reached skill level 1 in Invocations
  6018 | D:8      | Found a flagged portal.
  6031 | D:8      | Reached *** piety under Uskayaw
  6035 | D:8      | Reached **** piety under Uskayaw
  6037 | D:8      | Reached ***** piety under Uskayaw
  6058 | D:8      | Lost mutation: Your spells are a little easier to cast, but
                  | a little less powerful. [potion of mutation]
  6058 | D:8      | Lost mutation: You have large cloven feet. [potion of
                  | mutation]
  6058 | D:8      | Gained mutation: You sometimes lose your temper in combat.
                  | [potion of mutation]
  6058 | D:8      | Gained mutation: You expend magic power (3 MP) to
                  | strengthen your wands. [potion of mutation]
  6059 | D:8      | Lost mutation: You are clumsy. (Dex -2) [potion of
                  | mutation]
  6059 | D:8      | Lost mutation: You sometimes lose your temper in combat.
                  | [potion of mutation]
  6059 | D:8      | Gained mutation: Your mind is acute. (Int +4, Str/Dex -1)
                  | [potion of mutation]
  6059 | D:8      | Gained mutation: Your body sometimes deteriorates upon
                  | taking damage. [potion of mutation]
  6059 | D:8      | Gained mutation: You are agile. (Dex +4, Str/Int -1)
                  | [potion of mutation]
  6061 | Bailey   | Entered a bailey
  6074 | Bailey   | Reached XP level 10. HP: 51/51 MP: 0/12
  6396 | Bailey   | Reached skill level 5 in Fighting
  6568 | Bailey   | Noticed a two-headed ogre
  6578 | Bailey   | Killed a two-headed ogre
  6927 | D:8      | Noticed Maurice
  6933 | D:8      | Killed Maurice
  6945 | D:8      | Reached skill level 5 in Dodging
  6966 | D:8      | Reached ****** piety under Uskayaw
  7083 | D:8      | Reached XP level 11. HP: 46/56 MP: 15/15
  7090 | D:8      | Reached skill level 10 in Stealth
  7098 | D:8      | Reached skill level 5 in Invocations
  7341 | D:8      | Noticed a boulder beetle
  7360 | D:8      | Killed a boulder beetle
  7723 | D:9      | Identified the +2 war axe "Neffead" {pain, +Blink rF+
                  | Dex+2}
  7973 | D:9      | Noticed a two-headed ogre
  7988 | D:9      | Killed a two-headed ogre
  8454 | D:10     | Entered Level 10 of the Dungeon
  8562 | D:10     | Found a staircase to the Lair.
  8679 | D:10     | Found a staircase to the Orcish Mines.
  9447 | D:11     | Reached XP level 12. HP: 57/64 MP: 15/18
  9572 | D:11     | Noticed Snorg
  9585 | D:11     | Killed Snorg
  9663 | D:11     | Found Pastrepsu's Armour Shop.
  9690 | D:11     | Noticed Amaemon
  9853 | D:11     | Killed Amaemon
 10054 | D:11     | Noticed a two-headed ogre
 10057 | D:11     | Killed a two-headed ogre
 10251 | D:12     | Noticed a catoblepas
 10251 | D:12     | Noticed a catoblepas
 10472 | D:3      | Bought a ring of the Octopus King {rCorr HP+2 AC+2 EV+2
                  | SH+2} for 620 gold pieces
 10472 | D:3      | Found the ring of the Octopus King {rCorr HP+2 AC+2 EV+2
                  | SH+2}
 10494 | D:3      | Killed 100Percenter's ghost
 10507 | D:3      | Identified the +4 mace of the Vanishing Quests {freeze,
                  | Fragile rN+ Will- Str+5 Int+3}
 10790 | D:12     | Found a gateway to a bazaar.
 11090 | D:12     | Noticed a boulder beetle
 11098 | D:12     | Killed a boulder beetle
 11469 | D:12     | Killed a catoblepas
 11593 | D:12     | Killed a catoblepas
 11594 | D:12     | Reached skill level 10 in Fighting
 11778 | Lair:1   | Entered Level 1 of the Lair of Beasts
 11807 | Lair:1   | Reached XP level 13. HP: 72/72 MP: 20/20
 11837 | Lair:1   | Reached skill level 1 in Shields
 12122 | Lair:1   | Found a runed translucent gate.
 12122 | Lair:1   | Found a runed translucent gate.
 12122 | Lair:1   | Found a runed translucent gate.
 12142 | Lair:1   | Noticed superbruh's ghost (journeyman GrFi)
 12813 | Lair:1   | Reached skill level 1 in Long Blades
 13257 | Lair:2   | Noticed Harold
 13262 | Lair:2   | Killed Harold
 13762 | Lair:2   | Found a runed translucent door.
 13779 | Lair:2   | Noticed a reaper
 13909 | Lair:3   | Found a staircase to the Snake Pit.
 14804 | Lair:4   | Noticed Sonja
 14810 | Lair:4   | Killed Sonja
 14895 | Lair:4   | Found a gate leading to a gauntlet.
 14917 | Lair:4   | Reached XP level 14. HP: 77/77 MP: 22/22
 14924 | Gauntlet | Entered a Gauntlet
 14924 | Gauntlet | Found a transporter.
 14924 | Gauntlet | Found a transporter.
 14925 | Gauntlet | Found a runed translucent door.
 14926 | Gauntlet | Found a transporter.
 14928 | Gauntlet | Found a transporter.
 14929 | Gauntlet | Found a transporter.
 14937 | Gauntlet | Found a transporter.
 14938 | Gauntlet | Found a transporter.
 14939 | Gauntlet | Found a transporter.
 14940 | Gauntlet | Found a transporter.
 14948 | Gauntlet | Found a transporter.
 14949 | Gauntlet | Found a transporter.
 15001 | Gauntlet | Found a transporter.
 15128 | Gauntlet | Identified the ring "Tirinell" {Fly rF- rC+ Will++ rCorr
                  | Dex-5}
 15268 | Gauntlet | Reached skill level 10 in Invocations
 15268 | Gauntlet | Reached skill level 5 in Evocations
 15291 | Gauntlet | Reached skill level 15 in Stealth
 15302 | Gauntlet | Identified the +1 pair of gloves "Buxo" {Int+3 Dex+4}
 15359 | Gauntlet | Identified the ring of Apauhas {rPois rF++ rC- rN+ rCorr}
 15395 | Gauntlet | Found the +4 Cigotuvi's embrace {rMiasma Drain rN+}
 16149 | Lair:5   | Entered Level 5 of the Lair of Beasts
 16334 | Lair:5   | Reached skill level 5 in Armour
 16409 | Lair:5   | Identified a scroll of acquirement
 16410 | Lair:5   | Acquired a +0 quick blade of electrocution
 16601 | Lair:5   | Found a viscous altar of Jiyva.
 16602 | Lair:5   | Found a staircase to the Slime Pits.
 16613 | Lair:5   | Identified the +0 leather armour "Xuvidool" {rElec Str+2}
 17087 | Lair:5   | Reached skill level 5 in Shields
 17513 | Orc:1    | Entered Level 1 of the Orcish Mines
 18212 | Orc:2    | Entered Level 2 of the Orcish Mines
 18216 | Orc:2    | Noticed Urug
 18218 | Orc:2    | Noticed an orc warlord
 18219 | Orc:2    | Found Taublir's Antique Armour Shop.
 18227 | Orc:2    | Killed Urug
 18233 | Orc:2    | Reached XP level 15. HP: 79/83 MP: 21/24
 18237 | Orc:2    | Killed an orc warlord
 18295 | Orc:2    | Found Miuhu's Jewellery Emporium.
 18310 | Orc:2    | Found Qaxop's Book Boutique.
 18486 | Orc:2    | Noticed an orc warlord
 18516 | Orc:2    | Killed an orc warlord
 18640 | Orc:2    | Found Aguwan's General Store.
 18667 | Orc:2    | Bought a scroll of teleportation for 42 gold pieces
 18667 | Orc:2    | Bought a scroll of teleportation for 42 gold pieces
 18667 | Orc:2    | Bought a potion of curing for 42 gold pieces
 18743 | Orc:2    | Found a staircase to the Elven Halls.
 18743 | Orc:2    | Noticed Nessos
 18751 | Orc:2    | Killed Nessos
 18884 | Orc:2    | Found Niplemn's Antique Weapon Shop.
 19242 | Orc:2    | Bought a book of Unlife for 360 gold pieces
 19247 | Orc:2    | Learned a level 4 spell: Animate Dead
 19254 | Orc:2    | Learned a level 6 spell: Death Channel
 19493 | D:13     | Reached skill level 1 in Necromancy
 20486 | D:14     | Found a portal to a secret trove of treasure.
 20588 | D:14     | Found a gate to the Vaults.
 20709 | D:14     | Identified the ring "Rirudam" {Drain rF+++ Str+4 SInv
                  | Stlth-}
 21429 | D:14     | Reached XP level 16. HP: 88/88 MP: 25/25
 21580 | D:15     | Entered Level 15 of the Dungeon
 21936 | D:15     | Reached skill level 5 in Necromancy
 21990 | D:15     | Found a staircase to the Depths.
 22605 | Snake:1  | Entered Level 1 of the Snake Pit
 23731 | Snake:2  | Noticed Nikola
 23753 | Snake:2  | Killed Nikola
 23968 | Snake:2  | Noticed a nagaraja
 23981 | Snake:2  | Killed a nagaraja
 24278 | Snake:2  | Noticed a nagaraja
 24312 | Snake:2  | Killed a nagaraja
 24468 | Snake:2  | Reached XP level 17. HP: 93/93 MP: 27/27
 24755 | Snake:3  | Acquired a +4 quick blade of draining
 24757 | Snake:3  | Acquired a +0 cloak of stealth
 24814 | Snake:4  | Entered Level 4 of the Snake Pit
 25091 | Snake:4  | Reached skill level 10 in Shields
 25515 | Snake:4  | Reached skill level 10 in Necromancy
 25933 | Snake:4  | Noticed Vashnia
 26200 | Snake:3  | Reached skill level 10 in Dodging
 26656 | Snake:3  | Found Veintol's Weapon Emporium.
 26659 | Snake:3  | Found Jaomiod's Jewellery Emporium.
 26659 | Snake:3  | Found Hoirghyof's Weapon Shoppe.
 26659 | Snake:3  | Noticed Bai Suzhen
 26662 | Snake:3  | Found Leoxup's General Store.
 26669 | Snake:3  | Reached XP level 18. HP: 98/98 MP: 29/29
 26671 | Snake:3  | Killed Bai Suzhen
 26680 | Snake:3  | Bought a scroll of fog for 52 gold pieces
 26680 | Snake:3  | Bought 2 potions of haste for 260 gold pieces
 26929 | Snake:4  | Killed Vashnia
 27114 | Snake:4  | Got a serpentine rune of Zot
 27265 | Lair:3   | Found a staircase to the Swamp.
 27708 | Swamp:1  | Entered Level 1 of the Swamp
 27769 | Swamp:1  | Reached skill level 10 in Armour
 29325 | Swamp:3  | Noticed Mara
 29352 | Swamp:3  | Killed Mara
 29863 | Swamp:3  | Found an ancient bone altar of Kikubaaqudgha.
 29871 | Swamp:3  | Got the Treatise on Skeletons
 29902 | Swamp:4  | Entered Level 4 of the Swamp
 30343 | Swamp:4  | Reached XP level 19. HP: 98/102 MP: 30/30
 31360 | Swamp:4  | Found a blossoming altar of Fedhas.
 31553 | Lair:2   | HP: 5/104 [reaper/+4 vampiric scythe (23)]
 31787 | Elf:1    | Entered Level 1 of the Elven Halls
 31835 | Elf:1    | Found Rucvoc's Magic Scroll Emporium.
 31940 | Elf:1    | Noticed Donald
 31963 | Elf:1    | Killed Donald
 31978 | Elf:1    | Learned a level 2 spell: Wereblood
 32015 | Elf:1    | Found a crumbling gateway.
 32023 | Elf:1    | Noticed Zenata
 32032 | Elf:1    | Killed Zenata
 32049 | Desolati | Entered the Desolation of Salt
 32364 | Desolati | Identified the +3 scale mail "Pobuy" {Dex+4}
 32504 | Desolati | Identified the +4 morningstar "Riwitioczo" {heavy, *Corrode
                  | rC+++ Stlth+}
 32504 | Desolati | Identified the ring of Cemobu {Str+6 Int+7}
 32616 | Desolati | Got the Thoughts on Blazing Turbulence
 32678 | Desolati | Got Otiwav's Parchment of the Forceful Glacier
 32721 | Desolati | Found the ring of the Hare {EV+10}
 33096 | Elf:1    | Found Vitawuim's Book Boutique.
 33102 | Elf:1    | Found Naexaps's Weapon Boutique.
 33163 | Elf:1    | Found Zur Lyudd's Antique Armour Shop.
 33238 | Elf:1    | Noticed Agnes
 33249 | Elf:1    | Killed Agnes
 33280 | Elf:1    | Found Yluurr's Magic Scroll Boutique.
 33288 | Elf:1    | Bought 3 scrolls of teleportation for 117 gold pieces
 33288 | Elf:1    | Bought a scroll of fog for 52 gold pieces
 33288 | Elf:1    | Bought a scroll of butterflies for 52 gold pieces
 33288 | Elf:1    | Bought a scroll of teleportation for 39 gold pieces
 33605 | Elf:2    | Found a runed translucent gate.
 33606 | Elf:2    | Found a runed translucent gate.
 33606 | Elf:2    | Found a runed translucent gate.
 33618 | Elf:2    | Found Reun's Book Emporium.
 33853 | Elf:2    | Reached XP level 20. HP: 102/107 MP: 31/31
 34105 | Elf:3    | Entered Level 3 of the Elven Halls
 34294 | Elf:3    | Found a shimmering blue altar of Sif Muna.
 35683 | Elf:3    | Found a shimmering blue altar of Sif Muna.
 35856 | Elf:3    | Identified the +7 broad axe of Defiance {freeze, +Blink Fly
                  | rElec Int-3}
 36606 | Elf:3    | Identified the +5 flail "Ehum" {antimagic, rPois Int+4}
 36856 | Elf:3    | Identified the +1 long sword "Beetleslayer" {speed, rPois
                  | rF- Int+4 Dex+4}
 37086 | Elf:3    | Got Vehumet's Encyclopedia of Violence
 37088 | Elf:3    | Identified the +2 arbalest of Doubt {flame, MP+9 Dex+5}
 37114 | Elf:3    | Got the Grimoire of Petrified Convocation
 37421 | Vaults:1 | Entered Level 1 of the Vaults
 37740 | Vaults:1 | Found Siffixe's Distillery.
 38115 | Vaults:1 | Reached XP level 21. HP: 112/112 MP: 33/33
 38126 | Vaults:1 | Found the +10 zealot's sword {holy, *Rage rN+ EV+3}
 38166 | Vaults:1 | Reached skill level 15 in Invocations
 38167 | Vaults:1 | Reached skill level 15 in Necromancy
 38255 | Vaults:1 | Reached skill level 10 in Evocations
 38564 | Vaults:1 | Reached skill level 1 in Transmutations
 38647 | Vaults:2 | Found Cyusall's Assorted Antiques.
 38905 | Vaults:2 | Reached skill level 1 in Spellcasting
 38911 | Vaults:2 | Found a staircase to the Crypt.
 39157 | Vaults:2 | Found a magical portal.
 39185 | WizLab   | Entered Doroklohe's Tomb
 39307 | WizLab   | Reached skill level 15 in Shields
 39318 | WizLab   | Learned a level 4 spell: Dispel Undead
 39643 | WizLab   | Noticed a royal mummy
 39674 | WizLab   | Found the +1 pair of slick slippers {slick, slippery, EV+3}
 39689 | WizLab   | Killed a royal mummy
 39912 | WizLab   | Identified the +3 ring mail of Reason {Stlth+}
 39924 | WizLab   | Identified the +1 scale mail of the Comet {rElec}
 40148 | Vaults:2 | Identified the ring of Nipn {MP+9 Int+4}
 40364 | Vaults:2 | Identified the -2 cloak of the Vaults {Rampage}
 41293 | Elf:2    | Bought a manual of Spellcasting for 1360 gold pieces
 41750 | Vaults:3 | Reached XP level 22. HP: 119/119 MP: 34/34
 41851 | Vaults:3 | Reached skill level 5 in Spellcasting
 42071 | Vaults:3 | You fall into a shaft and drop 1 floor!
 42110 | Vaults:4 | Reached skill level 5 in Transmutations
 42493 | Vaults:3 | Identified the +8 dagger of Xuxkon {freeze, rCorr Int+8
                  | Dex-3}
 43187 | Vaults:4 | HP: 4/120 [peacekeeper/volley of spikes (7)]
 44270 | Depths:1 | Entered Level 1 of the Depths
 44328 | Depths:1 | Found Eklod's Jewellery Boutique.
 44329 | Depths:1 | Found Lilead's Book Shoppe.
 44330 | Depths:1 | Found Cire's Jewellery Boutique.
 44416 | Depths:1 | Identified the amulet of Akloitz {Reflect rCorr Str+2
                  | Slay-3 SH+5 SInv}
 44470 | Depths:1 | Found a gateway to Hell.
 44631 | Depths:1 | Found a one-way gate to the infinite horrors of the Abyss.
 44632 | Depths:1 | Noticed Louise
 44657 | Depths:1 | Killed Louise
 44964 | Depths:2 | Found a one-way gate leading to the halls of Pandemonium.
 45130 | Depths:2 | Noticed a golden dragon
 45256 | Depths:2 | Killed a golden dragon
 45257 | Depths:2 | Reached XP level 23. HP: 125/125 MP: 37/37
 45268 | Depths:2 | Identified the +6 scale mail of the Swan {Int+3}
 45480 | Depths:2 | Found a one-way gateway to a ziggurat.
 45485 | Depths:2 | Reached skill level 10 in Spellcasting
 46120 | Depths:3 | Found Locy Nuaxt's Distillery.
 46124 | Depths:3 | Found Ethro's Assorted Antiques.
 46151 | Depths:3 | Bought a scroll of blinking for 240 gold pieces
 46151 | Depths:3 | Bought a scroll of teleportation for 96 gold pieces
 46246 | Depths:3 | Reached skill level 15 in Fighting
 46413 | Depths:3 | Found a hide-covered altar of Uskayaw.
 46638 | Depths:3 | Noticed a royal mummy
 46956 | Depths:3 | Killed a royal mummy
 47576 | Depths:3 | Found the amulet of Vitality {RegenMP++ Regen++}
 47577 | Depths:3 | Noticed a royal mummy
 47600 | Depths:3 | Killed a royal mummy
 47788 | Depths:3 | Noticed a royal mummy
 47800 | Depths:3 | Killed a royal mummy
 47947 | Depths:4 | Entered Level 4 of the Depths
 48035 | Depths:4 | Reached skill level 15 in Evocations
 48688 | Depths:4 | Noticed a golden dragon
 49185 | Depths:1 | Acquired the +1 pair of boots of the Northern Lights
                  | {Str+7}
 49240 | Depths:1 | Voluntarily entered the Abyss.
 49442 | Abyss:1  | Found a corrupted altar of Lugonu.
 49809 | Abyss:1  | Found a corrupted altar of Lugonu.
 49833 | Abyss:2  | Found a corrupted altar of Lugonu.
 50195 | Abyss:2  | Found a corrupted altar of Lugonu.
 50249 | Abyss:2  | Reached XP level 24. HP: 124/125 MP: 41/41
 50322 | Abyss:3  | Paralysed by an air elemental for 1 turns
 50428 | Abyss:3  | Found a corrupted altar of Lugonu.
 50526 | Depths:1 | Escaped the Abyss
 50528 | Depths:1 | Voluntarily entered the Abyss.
 50547 | Depths:1 | Escaped the Abyss
 50549 | Depths:1 | Voluntarily entered the Abyss.
 51096 | Abyss:3  | Found a corrupted altar of Lugonu.
 51117 | Depths:1 | Escaped the Abyss
 51119 | Depths:1 | Voluntarily entered the Abyss.
 51464 | Abyss:3  | Got an abyssal rune of Zot
 51516 | Depths:1 | Escaped the Abyss
 52235 | Swamp:4  | Found a basalt altar of Yredelemnul.
 52256 | Swamp:4  | Got a decaying rune of Zot
 52844 | Depths:4 | Found a gate to the Realm of Zot.
 52940 | Depths:4 | Identified the ring of Ocejuly {Ice rCorr}
 52940 | Depths:4 | Noticed Josephina
 52963 | Depths:4 | Killed Josephina
 53200 | Zot:1    | Entered Level 1 of the Realm of Zot
 53348 | Zot:1    | Noticed Parghit
 53761 | Zot:1    | Killed Parghit
 53762 | Zot:1    | Reached skill level 5 in Long Blades
 56295 | Zot:2    | Reached XP level 25. HP: 120/135 MP: 42/42
 57103 | Zot:3    | Noticed a Killer Klown
 57119 | Zot:3    | Killed a Killer Klown
 58156 | Zot:5    | Entered Level 5 of the Realm of Zot
 58399 | Zot:4    | Acquired a Necronomicon
 58909 | Zot:5    | Acquired 787 gold pieces
 59042 | Zot:5    | Noticed an ancient lich
 59043 | Zot:5    | Noticed a Killer Klown
 59044 | Zot:5    | Noticed a Killer Klown
 59044 | Zot:5    | Noticed a Killer Klown
 59045 | Zot:5    | Noticed a Killer Klown
 59052 | Zot:5    | Noticed a Killer Klown
 59057 | Zot:5    | Killed a Killer Klown
 59058 | Zot:5    | Killed a Killer Klown
 59062 | Zot:5    | Noticed an orb of fire
 59063 | Zot:5    | Killed an ancient lich
 59066 | Zot:5    | Killed an orb of fire
 59068 | Zot:5    | Killed a Killer Klown
 59070 | Zot:5    | Killed a Killer Klown
 59071 | Zot:5    | Reached XP level 26. HP: 110/140 MP: 37/42
 59078 | Zot:5    | Killed a Killer Klown
 59165 | Zot:5    | Noticed a Killer Klown
 59165 | Zot:5    | Noticed an orb of fire
 59166 | Zot:5    | Noticed an orb of fire
 59166 | Zot:5    | Noticed an orb of fire
 59168 | Zot:5    | Paralysed by a Zot trap for 4 turns
 59171 | Zot:5    | Gained mutation: You are vulnerable to heat. (rF-) [an orb
                  | of fire]
 59171 | Zot:5    | Killed from afar by an orb of fire

Illustrated notes

Levels and vault maps discovered:
D:1:      dpeg_arrival_concentric_ovals, layout_loops_cross,
          shapermc_ecumenical_altar_petra, minmay_tetromino_s4
D:2:      minmay_inner_zag, layout_basic
D:3:      layout_loops_ring, serial_shops, nicolae_shop_trees,
          ebering_ghost_sewer_f, minmay_cupped, uniq_robin
D:4:      layout_basic, uniq_blork_the_orc
D:5:      layout_rooms, minitemple
D:6:      nicolae_cairo_tiling_very_big, layout_basic, grunt_ministairs_8,
          nicolae_nh_ransacked_shop, uniq_edmund, uniq_pikel, uniq_grinder
D:7:      layout_cave_pools, minmay_temple_entry_grid, serial_park_tiny_2
D:8:      layout_basic, enter_bailey_5, minmay_misc_feat_alley,
          minmay_manual_mandibuliform, uniq_maurice
D:9:      layout_rooms, special_room [special_room_orc],
          david_defended_altar_orc
D:10:     layout_stronghold, due_lair_maze_entry_diamond
D:11:     layout_gridville, serial_shops, nicolae_square_shop, uniq_amaemon,
          uniq_snorg
D:12:     nzn_motion_control, layout_long_grid, serial_shops, statue_bzr
D:13:     layout_long_grid
D:14:     minmay_imperfect_grid, layout_basic, minmay_door_square,
          nicolae_trove_entry_columns, special_room [special_room_orc]
D:15:     grunt_enter_depths_magical_seal, layout_basic, serial_glass,
          glass_columns_a, glass_columns_a, item_on_display_a, minivault_26
Temple:   nicolae_temple_bog_church
Lair:1:   layout_long_grid, gammafunk_ghost_necromancy, grunt_megastairs_5
Lair:2:   layout_regular_city, pdpol_lair_cabin_in_the_woods, uniq_harold
Lair:3:   layout_concentric_octagons, nicolae_swamp_entry_splash_gauntlet,
          minmay_snake_entry_guardpost_small
Lair:4:   layout_regular_city, gauntlet_entry_generic,
          chequers_serial_rivers_micro_b, grunt_megastairs_4, uniq_sonja
Lair:5:   evilmike_catoblepas_cave, layout_cellular_growth, slime_entry_1,
          serial_bayou_shore_a
Swamp:1:  layout_basic_swamp, evilmike_swamp_ruin_wall
Swamp:2:  layout_basic_swamp, hangedman_swamp_blocks, swamp_pool5
Swamp:3:  layout_basic_swamp, evilmike_swamp_ruin_house_3, swamp_pool1,
          beargit_kiku_chapel, uniq_mara
Swamp:4:  byrel_swamp_growth_death_and_undeath, layout_basic_swamp
Snake:1:  layout_basic, nicolae_snake_lava_pool
Snake:2:  layout_grid_maze, serial_bayou_lake_a, uniq_nikola
Snake:3:  layout_gridlike, minmay_shoptagon, uniq_bai_suzhen
Snake:4:  johnstein_snake_rune_scales, layout_misc_corridors, uniq_vashnia
Orc:1:    layout_diamond_mine
Orc:2:    grunt_orc_gardens, layout_diamond_mine, grunt_orc_garden,
          grunt_orc_garden, grunt_orc_garden, grunt_orc_garden, serial_shops,
          shop, minmay_orc_temple_c, uniq_nessos, uniq_urug
Elf:1:    minmay_elf_arrival_circle, layout_gridlike,
          portal_desolation_entry_ruin, serial_glass, glass_columns_a,
          glass_columns_b, minmay_strange_pillars, feat_on_display,
          due_unseen_surprise, serial_shops, nicolae_take_the_stairs,
          nicolae_shop_bloodbath_and_beyond, shop, shop,
          nicolae_shop_hallway_stairs, hex_medium, uniq_donald, uniq_agnes,
          uniq_zenata
Elf:2:    nicolae_elf_blades_crystal_corner, layout_geoelf_octagon,
          serial_shops, shop_fountains, hangedman_research_pyrotechnics
Elf:3:    minmay_elf_hall_not_hex, layout_loops_corners,
          nicolae_elf_theology_debate
Vaults:1: grunt_vaults_focal, v_rooms_6, v_misc_12,
          nicolae_vaults_sealed_display, v_misc_4,
          nicolae_vaults_ring_of_whatevers, v_pattern_4, v_misc_12,
          nicolae_vaults_specimen_jars, nicolae_vaults_asterisk,
          layout_vaults_big_room, serial_shops, nicolae_shop_crystal
Vaults:2: lightli_enter_wizlab_magi_temple, nicolae_vaults_theta,
          vaults_room_boxed, vaults_room_corners, st_greater_box_4,
          minmay_crypt_entry_simple_corners, v_misc_11,
          grunt_vaults_hallway_long, nicolae_vaults_big_ls,
          nicolae_vaults_border_crossing, nicolae_vaults_network_square,
          ontoclasm_vaults_decontamination, layout_vaults_maze_bifur,
          serial_shops, shop
Vaults:3: v_misc_13, vaults_mumra_minichess, nicolae_vaults_network_barrier,
          vaults_room_door_hall, v_misc_27, grunt_vaults_bifocal,
          hangedman_vaults_slice, vaults_dpeg_hooks, v_misc_29,
          grunt_vaults_hallway_short, layout_vaults_omnibox
Vaults:4: v_misc_31, hangedman_vaults_snaps, nicolae_vaults_what_the_h,
          vaults_room_fancy_cross, nicolae_vaults_little_squares_2,
          nicolae_vaults_three_branches, v_misc_25,
          hangedman_vaults_stretched_pinwheel, ontoclasm_vaults_chip,
          layout_vaults_ring
Depths:1: layout_cave_pools, nicolae_abyss_entry_one_way_or_another, hell_entry,
          nrook_loot_triangle, evilmike_butchery, minmay_shop_grove
Depths:2: evilmike_horseshoe, layout_small_grid, enter_ziggurat_a,
          hangedman_decor_slide_cut, rand_demon_pan_entry_4, hell_entry,
          minivault_11, kennysheep_flooded_box
Depths:3: ragdoll_tomb_raider, layout_cave_pools, serial_shops, shop, shop,
          abyss_entry, pf_hell_entry_tar_river, nicolae_uskayaw_dance_hall,
          minmay_staircase_windowed_large
Depths:4: grunt_twist_and_shout, layout_honeycomb, grunt_pan_entry_spiral,
          hangedman_abyss_entry_splay, hell_entry, minmay_misc_feat_plants,
          uniq_josephina
Zot:1:    layout_concentric_octagons, uniq_parghit
Zot:2:    layout_cathedral_of_symmetry
Zot:3:    layout_gridlike, st_single_dragon_hoard_1
Zot:4:    layout_onion_interference
Zot:5:    layout_gridlike, bh_zot_levy_curve

Skill      XL: |  1  2  3  4  5  6  7  8  9 10 11 12 13 14 15 16 17 18 19 20 21 22 23 24 25 26 |
---------------+-------------------------------------------------------------------------------+-----
Short Blades   | 4 5 6 8 10 | 10.0
Fighting       | 3 4 6 8 10 11 12 13 14 15 | 15.0
Armour         | 1 2 3 4 5 6 7 9 10 11 12 | 12.6
Dodging        | 2 3 5 6 7 8 10 11 12 | 12.6
Evocations     | 1 3 4 5 7 9 11 14 15 16 | 16.0
Stealth        | 7 9 12 14 15 16 17 18 19 20 | 20.0
Invocations    | 1 4 7 9 10 11 12 13 14 15 16 18 19 20 | 20.0
Shields        | 3 5 7 9 10 12 14 15 | 15.0
Long Blades    | 2 3 5 8 |  8.8
Necromancy     | 4 7 10 13 14 15 16 | 16.6
Transmutations | 4 5 |  5.0
Spellcasting   | 4 9 13 14 | 14.0

Action                   |  1- 3 |  4- 6 |  7- 9 | 10-12 | 13-15 | 16-18 | 19-21 | 22-24 | 25-27 || total
-------------------------+-------+-------+-------+-------+-------+-------+-------+-------+-------++-------
Melee: Short sword       |     6 |    94 |   436 |   610 |   497 |       |       |       |       ||  1643
       Bite              |     2 |    35 |   134 |   250 |   639 |   806 |   935 |  1495 |   437 ||  4733
       Punch             |       |       |     2 |     7 |    23 |    35 |     5 |       |       ||    72
       Unarmed           |       |       |       |     1 |       |       |       |       |       ||     1
       Quick blade       |       |       |       |       |   866 |  1684 |  1732 |  2406 |   699 ||  7387
       Scimitar          |       |       |       |       |     5 |     1 |       |       |       ||     6
Throw: Dart              |       |       |     3 |    15 |     3 |       |     4 |     7 |       ||    32
       Throwing net      |       |       |       |       |       |       |       |     1 |       ||     1
 Cast: Animate Dead      |       |       |       |       |       |     6 |     5 |    10 |     4 ||    25
       Death Channel     |       |       |       |       |       |       |     6 |    14 |     6 ||    26
       Wereblood         |       |       |       |       |       |       |     1 |    16 |     9 ||    26
Invok: Line Pass         |       |       |       |     2 |       |     1 |       |       |       ||     3
       Grand Finale      |       |       |       |       |     4 |     6 |     1 |     2 |       ||    13
Evoke: Wand              |       |       |     4 |    13 |       |     9 |    10 |     3 |       ||    39
       Phantom mirror    |       |       |       |     1 |     1 |       |     2 |     1 |       ||     5
       Condenser vane    |       |       |       |       |       |     3 |     5 |     4 |     3 ||    15
       Box of beasts     |       |       |       |       |       |       |     1 |       |     3 ||     4
       Tin of tremorston |       |       |       |       |       |       |     1 |       |       ||     1
  Use: Potion            |       |     1 |     5 |       |     2 |     1 |     1 |     5 |     2 ||    17
       Scroll            |       |       |     2 |    15 |     7 |    10 |    12 |     6 |     5 ||    57
 Stab: Sleeping          |     1 |     2 |    39 |    18 |    57 |    52 |    54 |    32 |    10 ||   265
       Distracted        |       |       |     1 |     3 |     3 |     5 |    19 |    22 |     5 ||    58
       Paralysed         |       |       |     2 |    34 |    97 |    91 |    90 |   160 |    37 ||   511
       Confused          |       |       |       |     1 |       |     2 |       |       |       ||     3
       Invisible         |       |       |       |       |     5 |       |     3 |     4 |       ||    12
Armor: Leather armour    |     4 |    11 |    39 |       |   142 |   292 |   128 |    97 |       ||   713
       Steam dragon scal |       |       |    39 |     4 |       |       |       |       |       ||    43
       Robe              |       |       |    10 |       |       |       |       |       |       ||    10
       Swamp dragon scal |       |       |       |   127 |    60 |       |       |       |       ||   187
       Ice dragon scales |       |       |       |       |       |       |       |   136 |    92 ||   228
Dodge: Dodged            |     6 |    48 |   170 |   284 |   577 |   768 |   588 |  1070 |   350 ||  3861
Block: Other             |       |       |       |     6 |    37 |    50 |     3 |       |       ||    96
       Kite shield       |       |       |       |       |   176 |       |   423 |  1008 |   295 ||  1902
       Buckler           |       |       |       |       |       |       |    86 |       |       ||    86
       Reflection        |       |       |       |       |       |       |    32 |    20 |     4 ||    56

Table legend: (Time is in decaauts)
 A = Elapsed time spent in this place.
 B = Non-inter-level travel time spent in this place.
 C = Inter-level travel time spent in this place.
 D = Time resting spent in this place.
 E = Time spent auto-exploring this place.
 F = Levels seen in this place.
 G = Mean time per level.
                   A        B        C        D        E       F      G
               +--------+--------+--------+--------+--------+-----+--------+
         Total |  54142 |  46782 |   7360 |   4994 |  27947 |  57 |  949.9 |
       Dungeon |  15051 |  11862 |   3189 |   1137 |   7775 |  15 | 1003.4 |
        Temple |     83 |     73 |     10 |      0 |     53 |   1 |   83.0 |
          Lair |   6123 |   4896 |   1227 |    338 |   3362 |   5 | 1224.6 |
         Swamp |   3897 |   3597 |    300 |    559 |   1885 |   4 |  974.2 |
     Snake Pit |   4278 |   3739 |    539 |    213 |   2423 |   4 | 1069.5 |
  Orcish Mines |   1523 |   1132 |    391 |      0 |    743 |   2 |  761.5 |
   Elven Halls |   4360 |   4025 |    335 |    480 |   2647 |   3 | 1453.3 |
        Vaults |   5095 |   4458 |    637 |     70 |   3058 |   4 | 1273.8 |
        Depths |   4802 |   4282 |    520 |   1126 |   2050 |   4 | 1200.5 |
           Zot |   4651 |   4442 |    209 |    278 |   3191 |   5 |  930.2 |
         Abyss |   1778 |   1778 |      0 |    186 |     58 |   6 |  296.3 |
        Bailey |    712 |    712 |      0 |    358 |    182 |   1 |  712.0 |
        Wizlab |    673 |    673 |      0 |    206 |    157 |   1 |  673.0 |
    Desolation |    646 |    646 |      0 |      0 |    234 |   1 |  646.0 |
      Gauntlet |    465 |    465 |      0 |     41 |    125 |   1 |  465.0 |
               +--------+--------+--------+--------+--------+-----+--------+

Top non-repeatable levels by time:
   Elf:3: 2884 daAuts
Depths:3: 1897 daAuts
  Lair:1: 1837 daAuts
    D:14: 1630 daAuts
Vaults:2: 1537 daAuts
    D:11: 1356 daAuts
 Swamp:4: 1303 daAuts
    D:10: 1298 daAuts
Vaults:1: 1267 daAuts
    D:12: 1236 daAuts
 Snake:4: 1220 daAuts
Depths:2: 1214 daAuts
     D:6: 1197 daAuts
  Lair:3: 1191 daAuts
Vaults:3: 1175 daAuts
